 Dungeon Crawl Stone Soup version 0.19.1 (webtiles) character file.

424 nikopol the Skirmisher (level 6, -1/40 HPs)
             Began as a Gargoyle Berserker on Dec 14, 2016.
             Was a Believer of Trog.
             Slain by a gnoll
             ... wielding a +0 club
              (6 damage)
             ... on level 4 of the Dungeon.
             The game lasted 00:07:51 (2555 turns).

nikopol the Skirmisher (Gargoyle Berserker)         Turns: 2555, Time: 00:07:51

Health: -1/40      AC: 11    Str: 20    XL:     6   Next: 96%
Magic:  6/6        EV: 11    Int:  8    God:    Trog [**....]
Gold:   188        SH:  0    Dex: 11    Spells: 0 memorised, 5 levels left

rFire  . . .     SeeInvis .     p - -2 hand axe (curse)
rCold  . . .     Gourm    .     n - +0 scale mail
rNeg   + . .     Faith    .     (no shield)
rPois  ∞         Spirit   .     (no helmet)
rElec  +         Reflect  .     (no cloak)
rCorr  .         Harm     .     (no gloves)
MR     .....                    (no boots)
Stlth  ..........               (no amulet)
                                (no ring)
                                (no ring)

@: no status effects
A: negative energy resistance 1, electricity resistance, unbreathing,
petrification resistance, rot immunity, AC +4
a: Berserk, Trog's Hand, Burn Spellbooks, Renounce Religion


You were on level 4 of the Dungeon.
You worshipped Trog.
Trog was pleased with you.
You were hungry.

You visited 1 branch of the dungeon, and saw 4 of its levels.

You collected 188 gold pieces.

Inventory:

Hand Weapons
 a - a +0 hand axe
 p - a cursed -2 hand axe (weapon)
Missiles
 i - 32 arrows
Armour
 b - a +0 animal skin
 n - a +0 scale mail (worn)
Scrolls
 d - a scroll of magic mapping {unknown}
 e - a scroll of random uselessness {unknown}
 f - 2 scrolls of enchant armour {unknown}
 h - 3 scrolls of teleportation {unknown}
 k - 2 scrolls of identify {unknown}
 m - a scroll of immolation {unknown}
 o - a scroll of enchant weapon {unknown}
 q - 2 scrolls of amnesia {unknown}
 u - a scroll of remove curse {unknown}
Potions
 l - a potion of brilliance {unknown}
 r - 2 potions of curing {unknown}
 v - a potion of lignification {unknown}
Comestibles
 c - 3 bread rations
 g - a beef jerky
 j - 2 slices of pizza
 s - 2 meat rations


   Skills:
 + Level 5.2 Fighting
 + Level 4.2 Axes
 + Level 4.3 Armour
 + Level 2.9 Dodging


You had 5 spell levels left.
You didn't know any spells.

Dungeon Overview and Level Annotations

Branches:
Dungeon (4/15)
 Temple: D:4-7

Altars:
Vehumet


Innate Abilities, Weirdness & Mutations

You are resistant to torment.
Your stone body is resilient. (AC +4)
You are immune to poison.
You resist negative energy. (rN+)
You are resistant to electric shocks. (rElec)
You can survive without breathing.
You are immune to petrification.
You are immune to rotting.


Message History

You hit the gnoll shaman but do no damage.
The gnoll shaman is heavily wounded.
You hit the gnoll but do no damage. You hit the gnoll.
The gnoll barely misses you. The gnoll hits you but does no damage.
The gnoll shaman closely misses you.
You closely miss the gnoll shaman.
The gnoll shaman is heavily wounded.
You hit the gnoll but do no damage. x2; The gnoll hits you but does no damage. x2
The gnoll shaman hits you but does no damage.
You hit the gnoll shaman.
The gnoll shaman is severely wounded.
You closely miss the gnoll. x2; The gnoll closely misses you.
The gnoll hits you with a whip!
* * * LOW HITPOINT WARNING * * *
The gnoll shaman hits you with a whip!
* * * LOW HITPOINT WARNING * * *
Your scale mail prevents you from hitting the gnoll shaman.
The gnoll shaman is severely wounded.
You hit the gnoll. You barely miss the gnoll. The gnoll hits you with a club.
You die...

..>.......
##.........
#..........
#..........
#..........#
#.....>....#
##.........#
#g)g......# #
##g@.......# #
#.#.)).......#.)
#.....##.#.....8
#.......#...#
##..##......# ##
### ##.
####...##.###....
## ##............
##...........
###..........


You could see a gnoll shaman and 2 gnolls.

Vanquished Creatures
  A two-headed ogre (D:4)
  Jessica (D:2)
  Natasha (thrice) (D:3)
  6 adders
  A gnoll (D:4)
  A worm (D:2)
  A dart slug (D:1)
  2 leopard geckos
  An orc (D:4)
  A ball python (D:3)
  3 giant cockroaches
  6 goblins
  8 hobgoblins
  2 jackals (D:1)
  7 bats
  3 frilled lizards
  9 kobolds
  4 rats
60 creatures vanquished.

Vanquished Creatures (others)
  A kobold (D:1)
1 creature vanquished.

Grand Total: 61 creatures vanquished

Notes
Turn   | Place    | Note
-------+----------+-------------------------------------------
     0 | D:1      | nikopol the Gargoyle Berserker began the quest for the Orb.
     0 | D:1      | Reached XP level 1. HP: 14/14 MP: 1/1
   318 | D:1      | Reached XP level 2. HP: 16/19 MP: 2/2
   843 | D:2      | Found a radiant altar of Vehumet.
   874 | D:2      | Reached XP level 3. HP: 18/24 MP: 3/3
  1068 | D:2      | Reached skill level 4 in Fighting
  1090 | D:2      | Reached XP level 4. HP: 29/29 MP: 4/4
  1361 | D:2      | Noticed Jessica
  1370 | D:2      | Killed Jessica
  1370 | D:2      | Reached ** piety under Trog
  1629 | D:3      | Found a faded altar of an unknown god.
  1645 | D:3      | Reached XP level 5. HP: 31/34 MP: 5/5
  1653 | D:3      | Noticed Natasha
  1660 | D:3      | Killed Natasha
  1726 | D:3      | Noticed Natasha
  1742 | D:3      | Killed Natasha
  1758 | D:3      | Noticed Natasha
  1769 | D:3      | Killed Natasha
  2502 | D:4      | Noticed a two-headed ogre
  2508 | D:4      | Killed a two-headed ogre
  2508 | D:4      | Reached skill level 5 in Fighting
  2508 | D:4      | Reached XP level 6. HP: 40/40 MP: 6/6
  2555 | D:4      | Slain by a gnoll

Skill      XL: |  1  2  3  4  5 |
---------------+----------------+-----
Axes           | 3 4 |  4.2
Fighting       | 4 5 |  5.2
Armour         | 3 4 |  4.3
Dodging        | 2 |  2.9

Action                   |  1- 3 |  4- 6 || total
-------------------------+-------+-------++-------
Melee: Hand axe          |   102 |   170 ||   272
Invok: Berserk           |       |     2 ||     2
  Eat: Chunk             |     1 |     6 ||     7
Armor: Animal skin       |    39 |       ||    39
       Scale mail        |    14 |    96 ||   110
Dodge: Dodged            |    69 |   120 ||   189
